Map: 2000 Atmospheres LE

Players

LiquidClem (Clem) - Winner!

  • Race: Terran Terran
  • League: Master

ShoWTimE

  • Race: Protoss Protoss
  • League: Grandmaster

Event: DreamHack SC2 Masters Last Chance 2022

VOD

Have the link to the VOD?

Description

Time

  • Played on: Dec. 17, 2021, 1:18 p.m.
  • Length: 8:22

All games in this series

Show
View Real Time Build Order
Export as new Build Order

LiquidClem Terran - Winner!

Build Orders:  

Get SALT Encoding   

  12  0:00  SCV  
  13  0:12  SCV  
  14  0:16  Supply Depot  
  14  0:24  SCV  
  15  0:38  SCV  
  15  0:39  Barracks  
  16  0:44  Refinery  
  16  0:50  SCV  
  17  1:02  SCV  
  18  1:04  Engineering Bay  
  18  1:14  SCV  
  19  1:26  Reaper  
  19  1:27  Orbital Command  
  20  1:40  Supply Depot  
  20  1:52  SCV  
  21  2:00  Bunker  
  22  2:04  Barracks Reactor  
  22  2:05  SCV  
  22  2:12  Command Center  
  22  2:17  SCV  
  23  2:24  Barracks  
  23  2:29  SCV  
  24  2:38  Barracks  
  24  2:40  Marine x2  
  24  2:41  SCV  
  27  2:46  Refinery  
  27  2:49  Supply Depot  
  27  2:53  SCV  
  27  2:58  Marine x2  
  30  3:06  SCV  
  31  3:16  Marine x2  
  31  3:18  SCV, Barracks Tech Lab  
  33  3:24  Orbital Command  
  33  3:26  Barracks Tech Lab  
  33  3:30  SCV, Engineering Bay  
  33  3:34  Marine x2  
  35  3:37  Marine  
  35  3:41  Stimpack  
  37  3:44  SCV, Orbital Command  
  37  3:48  Combat Shield  
  38  3:51  Marine  
  38  3:54  Marine  
  40  4:00  Missile Turret  
  40  4:01  SCV  
  41  4:03  Marine  
  41  4:06  Marine  
  43  4:10  SCV  
  43  4:12  Marine  
  43  4:15  SCV  
  46  4:17  Marine  
  46  4:22  Supply Depot  
  46  4:23  SCV  
  48  4:24  Marine  
  48  4:27  SCV, Marine  
  51  4:32  Terran Infantry Weapons Level 1  
  51  4:35  SCV  
  52  4:38  Factory  
  52  4:40  SCV  
  52  4:41  Marine  
  52  4:44  Marine  
  55  4:46  Missile Turret  
  55  4:49  Supply Depot  
  55  4:51  SCV  
  55  4:52  SCV  
  57  4:55  Marine x2  
  57  4:58  Marine  
  60  5:01  Marine  
  60  5:03  SCV  
  60  5:04  Refinery  
  62  5:07  Supply Depot  
  62  5:11  SCV  
  63  5:16  SCV, Marine x3  
  67  5:23  Starport, SCV, Factory Reactor  
  67  5:27  Marine  
  67  5:28  SCV  
  70  5:31  Supply Depot  
  70  5:34  Marauder x2  
  74  5:37  Marine  
  73  5:43  SCV  
  73  5:46  SCV  
  73  5:48  Supply Depot  
  73  5:49  Marine  
  76  5:50  Refinery  
  76  5:55  SCV  
  76  5:56  Marauder  
  79  5:57  Marauder  
  79  5:59  Supply Depot, SCV  
  79  6:03  Marine  
  83  6:07  Medivac, SCV  
  83  6:10  Medivac  
  88  6:12  Supply Depot  
  88  6:13  SCV  
  88  6:15  Marine  
  88  6:17  Marauder  
  92  6:19  Marauder  
  92  6:23  Factory Reactor, Marine  
  95  6:29  Command Center  
  95  6:36  Marine  
  95  6:37  Medivac  
  95  6:38  Concussive Shells  
  95  6:39  Marauder  
  100  6:40  Medivac  
  100  6:43  Marine  
  100  6:44  Marauder  
  105  6:50  SCV  
  105  6:51  Supply Depot, SCV  
  107  6:54  Marine  
  107  7:00  Marauder  
  109  7:02  Widow Mine  
  109  7:03  Barracks  
  109  7:04  Barracks  
  110  7:09  Marine  
  110  7:13  Marauder, Widow Mine, Medivac, Marine  
  117  7:21  Marine  
  117  7:22  Supply Depot  
  118  7:23  Medivac, SCV x2  
  121  7:30  Widow Mine  
  121  7:32  Marine x2  
  121  7:34  Marauder  
  121  7:35  SCV  
  126  7:37  Supply Depot  
  126  7:39  Marine  
  126  7:41  Widow Mine  
  127  7:44  Orbital Command  
  127  7:45  SCV  
  127  7:48  SCV  
  127  7:50  Medivac  
  126  7:55  Barracks Tech Lab, Barracks Reactor  
  126  7:56  Marine x2  
  128  8:00  Marauder  
  128  8:03  Marine  
  128  8:05  SCV  
  132  8:08  SCV  
Show
View Real Time Build Order
Export as new Build Order

ShoWTimE Protoss 

Build Orders: 1 Gate Expand, Oracle Opening 

Get SALT Encoding   

  12  0:00  Probe  
  13  0:12  Probe  
  14  0:17  Pylon  
  14  0:24  Probe (Chrono Boost)  
  16  0:36  Gateway, Probe (Chrono Boost)  
  16  0:43  Probe (Chrono Boost)  
  16  0:47  Assimilator  
  17  0:51  Probe  
  18  1:03  Probe  
  19  1:15  Probe  
  20  1:24  Cybernetics Core  
  20  1:33  Probe  
  20  1:36  Pylon  
  21  1:44  Nexus  
  21  1:46  Probe  
  22  1:52  Assimilator  
  22  1:58  Adept (Chrono Boost)  
  22  1:59  Probe  
  25  2:11  Probe  
  25  2:12  Pylon  
  26  2:19  Adept (Chrono Boost)  
  28  2:24  Probe  
  28  2:36  Probe  
  28  2:37  Stargate  
  31  2:47  Shield Battery  
  31  2:48  Probe  
  30  2:53  Pylon  
  30  3:01  Stalker  
  30  3:03  Probe  
  33  3:07  Probe  
  33  3:09  Warp Gate  
  34  3:15  Probe  
  34  3:19  Probe  
  36  3:25  Oracle (Chrono Boost)  
  36  3:27  Probe  
  36  3:32  Probe  
  41  3:39  Probe  
  42  3:44  Probe  
  43  3:51  Probe  
  43  3:52  Gateway, Oracle (Chrono Boost)  
  47  3:56  Probe  
  48  4:05  Gateway  
  48  4:06  Shield Battery  
  48  4:11  Pylon  
  50  4:19  Shield Battery  
  50  4:20  Pylon  
  50  4:23  Oracle (Chrono Boost), Shield Battery  
  51  4:32  Pylon  
  51  4:34  Probe x2  
  53  4:46  Probe x2  
  55  4:53  Pylon  
  55  4:56  Assimilator  
  55  4:58  Probe x2  
  55  4:59  Sentry x2  
  61  5:00  Assimilator  
  61  5:08  Sentry  
  61  5:10  Probe  
  61  5:11  Probe  
  61  5:13  Pylon  
  65  5:17  Nexus  
  65  5:22  Probe  
  65  5:26  Probe  
  67  5:32  Adept x3  
  67  5:35  Probe  
  74  5:38  Probe  
  73  5:47  Probe  
  73  5:49  Pylon  
  74  5:50  Probe  
  74  5:52  Adept  
  74  5:54  Twilight Council  
  77  5:59  Adept x2, Probe  
  77  6:02  Probe  
  83  6:11  Probe  
  84  6:12  Gateway  
  84  6:14  Probe  
  84  6:16  Adept  
  87  6:23  Probe  
  88  6:26  Adept, Probe, Forge  
  88  6:27  Sentry, Shield Battery  
  88  6:29  Probe  
  94  6:34  Blink (Chrono Boost)  
  94  6:35  Probe  
  94  6:38  Probe  
  96  6:41  Probe  
  97  6:47  Probe  
  97  6:49  Stalker  
  97  6:50  Probe  
  97  6:52  Pylon  
  97  6:53  Probe  
  102  6:57  Adept  
  102  6:58  Adept  
  102  6:59  Probe  
  107  7:02  Probe  
  107  7:05  Probe  
  107  7:10  Stalker  
  107  7:11  Probe  
  107  7:14  Probe  
  107  7:15  Stalker  
  113  7:18  Probe  
  111  7:23  Probe  
  111  7:27  Probe  
  111  7:29  Adept x2  
  115  7:32  Gateway, Probe  
  115  7:35  Gateway  
  115  7:36  Probe  
  117  7:37  Gateway  
  117  7:39  Probe  
  117  7:40  Adept x2  
  117  7:42  Gateway  
  117  7:44  Probe  
  119  7:48  Probe  
  119  7:50  Stalker x2  
  115  8:03  Stalker x2  
  115  8:04  Probe  
  104  8:13  Stalker x2  

Tags
 
Add a new tag
Caveats
  • Supply blocks, unpowered buildings, or Contaminate may cause inaccurate times.
  • Supply counts are checked every 10 seconds.